 Dungeon Crawl Stone Soup version 0.31-a0-369-g8eba5f6939 (webtiles) character file.

Game seed: 14271605981790451858

3245 porpoise the Spear-Bearer (level 9, 0/68 HPs)
             Began as a Demonspawn Gladiator on July 29, 2023.
             Was a Believer of Nemelex Xobeh.
             Splashed by a jelly's acid (6 damage)
             ... on level 7 of the Dungeon.
             The game lasted 00:20:48 (6708 turns).

porpoise the Spear-Bearer (Demonspawn Gladiator)    Turns: 6708, Time: 00:20:50

Health: 0/68       AC: -1    Str: 18    XL:     9   Next: 67%
Magic:  11/11      EV: 14    Int: 10    God:    Nemelex Xobeh [**....]
Gold:   429        SH:  0    Dex: 21    Spells: 8/8 levels left

rFire   . . .        a - +1 trident
rCold   . . .        (no shield)
rNeg    . . .        n - +0 ring mail
rPois   .            c - +0 helmet
rElec   .            (no cloak)
rCorr   .            B - +2 pair of gloves
SInv    .            (no boots)
Will    +....        (no amulet)
Stlth   +            j - ring of willpower
HPRegen 0.31/turn    m - +6 ring of dexterity
MPRegen 0.12/turn

%: no passive effects
@: corroded
A: demonic guardian 1, sturdy frame 1, demonic magic 1, weakness stinger 2
a: Renounce Religion, Draw Escape, Draw Destruction, Draw Summoning


You were on level 7 of the Dungeon.
You worshipped Nemelex Xobeh.
Nemelex Xobeh was pleased with you.
You visited 2 branches of the dungeon, and saw 8 of its levels.
You also visited: Ossuary.

You collected 429 gold pieces.

Inventory:

Hand Weapons
 a - a +1 trident (weapon)
 b - a +1 dagger of venom
Missiles
 d - 4 throwing nets (quivered)
 e - a javelin
 o - 2 boomerangs
 p - 8 poisoned darts
Armour
 c - a +0 helmet (worn)
 n - a +0 ring mail (worn)
 B - a +2 pair of gloves (worn)
Magical Staves
 w - a staff of cold
Jewellery
 j - a ring of willpower (left hand)
 m - a +6 ring of dexterity (right hand)
 v - a ring of flight
Wands
 f - a wand of flame (17)
 r - a wand of acid (1)
 x - a wand of roots (13)
Scrolls
 h - a scroll of fear
 i - a scroll of enchant weapon
 k - 2 scrolls of vulnerability {unknown}
 l - a scroll of revelation
 q - 3 scrolls of identify
 s - a scroll of brand weapon {unknown}
 t - a scroll of blinking {unknown}
 u - a scroll of immolation {unknown}
 y - a scroll of enchant armour {unknown}
 C - 5 scrolls of amnesia {unknown}
 E - a scroll of butterflies {unknown}
Potions
 g - 5 potions of curing
 z - a potion of mutation
 A - a potion of enlightenment
 D - a potion of degeneration {unknown}
 F - a potion of heal wounds
 G - a potion of berserk rage {unknown}
 H - a potion of ambrosia {unknown}
 I - a potion of might {unknown}


   Skills:
 - Level 5.0 Fighting
 * Level 10.5 Polearms
 - Level 1.7 Throwing
 + Level 3.4 Armour
 - Level 5.0 Dodging
 + Level 3.2 Invocations


You had 8 spell levels left.
You didn't know any spells.
Your spell library contained the following spells:

 Spells                   Type           Power      Damage    Failure   Level
 Blink                    Tloc           0%         N/A       58%         2
 Manifold Assault         Tloc           0%         N/A       99%         4


Dungeon Overview and Level Annotations

Branches:
Dungeon (7/15)             Temple (1/1) D:4         Ossuary (visited)

Altars:
Ashenzari
Fedhas
Hepliaklqana
Kikubaaqudgha
Makhleb
Nemelex Xobeh
Qazlal
Ru
Sif Muna
Trog
Uskayaw
Vehumet
Wu Jian
Xom
Yredelemnul


Innate Abilities, Weirdness & Mutations

A weak demonic guardian rushes to your aid.
Your movements are slightly less encumbered by armour. (ER -2)
Spells you cast may paralyse adjacent enemies.
You have a tail ending in a sharp stinger.


Message History

* * * LOW HITPOINT WARNING * * *
Your iron imp hits the endoplasm!
The endoplasm dies!
The endoplasm misses you.
You swap places.
Your iron imp disappears in a puff of smoke!
You hit the endoplasm but do no damage. The endoplasm completely misses you.
You hit the endoplasm but do no damage. The endoplasm hits you.
* * * LOW HITPOINT WARNING * * *
A demonic guardian appears!
You hit the endoplasm but do no damage.
Your tail-slap misses the endoplasm.
The endoplasm closely misses you.
You hit the endoplasm but do no damage. You hit the endoplasm but do no damage.
The endoplasm misses you.
Your shadow imp hits the endoplasm.
You barely miss the endoplasm.
The endoplasm is severely wounded.
The endoplasm freezes you.
You are frozen.
* * * LOW HITPOINT WARNING * * *
Your shadow imp hits the endoplasm.
The endoplasm dies!
Reach: a) +1 trident
Press: ? - help, Dir - move target, f - jelly
Aim: a jelly (about 9% to evade your +1 trident)
You reach to attack!
You hit the jelly but do no damage.
Your shadow imp hits the jelly.
Your shadow imp is burned by acid!
You hit the jelly but do no damage.
Your hands burn!
* * * LOW HITPOINT WARNING * * *
You tail-slap the jelly, but do no damage.
The jelly is lightly wounded.
You hit the jelly but do no damage.
Your hands burn!
* * * LOW HITPOINT WARNING * * *
The jelly is lightly wounded.
The jelly hits you.
* * * LOW HITPOINT WARNING * * *
A demonic guardian appears!
The acid corrodes you!
You are splashed with acid.
You die...
Your body disappears without a glow.

*,*** **,..#####.#.#.##.* *,*
*,,...##........#.* *,*
**,......#.#.#.##.#
*,***********..##.#.........#
*,,,,,,,,,* *,,##.##.#.#.##.#
********###****#..#.........*
**#..J#**#..5#.#.#.###*
*,...JJJ##5.........# *****
*,...JJJJJ@###.#.#.## ,,,,*
*,..JJJJ#### ####### ***,*
**#..J#** *,****###*****
***,**,******,,**
,,,,,,,,,,,,,,,,***************
,**,**,*****,,,,,,,,,,,,,,,,,,*
,**,**,,,,,,,,,,*****,*,*****,*
,**,********,,,** *,*,* *,*


You could see a jelly (ally target), 13 endoplasms, a friendly white imp
(summoned) and a friendly shadow imp (summoned).

Vanquished Creatures
  Pikel (D:4)
  Grinder (D:2)
  A wraith (Ossuary)
  Sigmund (D:3)
  A slime creature (D:7)
  A water moccasin (D:5)
  2 black bears
  An ogre (D:5)
  A lemure (D:4)
  2 phantoms
  2 bullfrogs
  7 scorpions
  3 wights (D:6)
  6 jellies (D:7)
  4 hounds
  2 orc priests
  4 iguanas
  Ijyb (D:3)
  Terence (D:2)
  3 orc wizards (D:5)
  5 gnolls
  6 adders
  A shadow imp (D:5)
  An ufetubus (D:4)
  4 worms
  2 dart slugs (D:1)
  13 orcs
  5 bats
  5 endoplasms
  2 giant cockroaches
  9 goblins
  6 hobgoblins
  8 jackals
  2 quokkas
  7 ball pythons
  2 frilled lizards (D:2)
  9 gnoll skeletons (Ossuary)
  12 kobolds
  5 kobold skeletons (Ossuary)
  10 orc skeletons (Ossuary)
  6 rats
165 creatures vanquished.

Vanquished Creatures (collateral kills)
  An orc warrior (D:4)
  A jelly (D:7)
  A mummy (Ossuary)
  An orc (D:4)
  2 endoplasms (D:7)
  An orc skeleton (Ossuary)
7 creatures vanquished.

Grand Total: 172 creatures vanquished

Notes
Turn   | Place    | Note
-------+----------+-------------------------------------------
     0 | D:1      | porpoise the Demonspawn Gladiator began the quest for the
                  | Orb.
     0 | D:1      | Reached XP level 1. HP: 16/16 MP: 1/1
     6 | D:1      | Noticed a black bear
     6 | D:1      | Noticed an anaconda
     6 | D:1      | Noticed a hound
     7 | D:1      | Noticed a lindwurm
    56 | D:1      | Reached skill level 3 in Polearms
   110 | D:1      | Gained mutation: You have a small tail. [demonic ancestry]
   110 | D:1      | Reached XP level 2. HP: 22/22 MP: 2/2
   781 | D:2      | Gained mutation: Spells you cast may paralyse adjacent
                  | enemies. [demonic ancestry]
   781 | D:2      | Reached XP level 3. HP: 27/28 MP: 3/3
  1143 | D:2      | Noticed Terence
  1154 | D:2      | Killed Terence
  1155 | D:2      | Reached skill level 4 in Polearms
  1155 | D:2      | Gained mutation: A weak demonic guardian rushes to your
                  | aid. [demonic ancestry]
  1155 | D:2      | Reached XP level 4. HP: 21/35 MP: 4/4
  1732 | D:3      | Noticed Ijyb
  1747 | D:3      | Killed Ijyb
  2054 | D:3      | Gained mutation: You have a tail ending in a sharp stinger.
                  | [demonic ancestry]
  2054 | D:3      | Reached XP level 5. HP: 40/41 MP: 5/5
  2136 | D:3      | Noticed Grinder
  2137 | D:3      | Noticed Sigmund
  2221 | D:2      | Paralysed by Grinder for 3 turns
  2243 | D:2      | Killed Grinder
  2244 | D:2      | Reached skill level 5 in Polearms
  2244 | D:2      | Gained mutation: Your movements are slightly less
                  | encumbered by armour. (ER -2) [demonic ancestry]
  2244 | D:2      | Reached XP level 6. HP: 15/48 MP: 6/6
  2470 | D:3      | Killed Sigmund
  2471 | D:3      | Reached skill level 6 in Polearms
  2723 | D:3      | Reached XP level 7. HP: 55/55 MP: 7/7
  3296 | D:4      | Reached skill level 5 in Fighting
  3357 | D:4      | Found a staircase to the Ecumenical Temple.
  3368 | Temple   | Found a transporter.
  3368 | Temple   | Found a transporter.
  3368 | Temple   | Found a transporter.
  3368 | Temple   | Found a transporter.
  3368 | Temple   | Entered the Ecumenical Temple
  3390 | Temple   | Became a worshipper of Nemelex Xobeh the Trickster
  3653 | D:4      | Reached skill level 7 in Polearms
  3980 | D:4      | Noticed Pikel
  4010 | D:4      | Killed Pikel
  4011 | D:4      | Reached skill level 8 in Polearms
  4011 | D:4      | Reached XP level 8. HP: 9/62 MP: 8/8
  4239 | D:4      | Found a shimmering altar of Xom.
  4268 | D:5      | Entered Level 5 of the Dungeon
  4543 | D:5      | Reached * piety under Nemelex Xobeh
  4674 | D:5      | Reached skill level 9 in Polearms
  4674 | D:5      | Reached skill level 5 in Dodging
  5263 | D:5      | Reached skill level 1 in Armour
  5263 | D:5      | Reached XP level 9. HP: 33/68 MP: 9/9
  5765 | D:6      | Received a gift from Nemelex Xobeh
  5896 | D:6      | Found an ornate altar of the Wu Jian Council.
  6002 | D:6      | Found a burning altar of Makhleb.
  6028 | D:6      | Reached ** piety under Nemelex Xobeh
  6039 | D:6      | Reached skill level 10 in Polearms
  6039 | D:6      | Reached skill level 1 in Invocations
  6260 | D:7      | Found a sand-covered staircase.
  6276 | Ossuary  | Entered an ossuary
  6708 | D:7      | Splashed by a jelly's acid

Illustrated notes

Levels and vault maps discovered:
D:1:      onia_arrival_zoo_common, layout_basic
D:2:      layout_loops_ring, uniq_terence
D:3:      kennysheep_six_static_rooms, layout_basic,
          minmay_fractal_squares_gapless_5, uniq_ijyb, uniq_grinder,
          uniq_sigmund
D:4:      minmay_chambers_of_twos, layout_basic, mainiacjoe_overflow_alcove_4,
          minmay_temple_entry_glassed_door, minmay_misc_feat_chi, uniq_pikel
D:5:      layout_basic
D:6:      layout_rooms, mainiacjoe_overflow_catwalk,
          mainiacjoe_overflow_brackets, serial_curves, eino_curves_03,
          eino_curves_02, eino_curves_03, eino_curves_03, minmay_crystal_room,
          minmay_misc_feat_plants
D:7:      lemuel_slime, layout_loops_corners, gammafunk_temple_overflow_statue,
          lightli_ossuary_entry_decrepit_ruins, serial_shops,
          nicolae_shop_drivethru, nicolae_kite_square_tiling_tiny,
          chequers_mini_garden, st_stairs_12
Temple:   hellmonk_temple_divided_pantheon

Skill      XL: |  1  2  3  4  5  6  7  8  9 |
---------------+----------------------------+-----
Polearms       | 3 4 5 6 8 9 10 | 10.5
Fighting       | 3 4 5 |  5.0
Dodging        | 4 5 |  5.0
Armour         | 1 3 |  3.4
Invocations    | 3 |  3.2
Throwing       | |  1.7

Action                     |  1- 3 |  4- 6 |  7- 9 || total
---------------------------+-------+-------+-------++-------
  Melee: Trident           |   121 |   108 |   508 ||   737
         Punch             |     1 |       |     9 ||    10
         Tailslap          |     5 |    12 |    66 ||    83
    Use: Scroll            |     2 |     4 |     4 ||    10
         Potion            |     1 |     2 |     5 ||     8
   Stab: Sleeping          |     2 |     1 |     2 ||     5
         Distracted        |       |     1 |       ||     1
 Armour: Leather armour    |    24 |       |       ||    24
         Ring mail         |     7 |    21 |   101 ||   129
  Dodge: Dodged            |    57 |    41 |   236 ||   334

Table legend: (Time is in decaauts)
 A = Elapsed time spent in this place.
 B = Non-inter-level travel time spent in this place.
 C = Inter-level travel time spent in this place.
 D = Time resting spent in this place.
 E = Time spent auto-exploring this place.
 F = Levels seen in this place.
 G = Mean time per level.
                   A        B        C        D        E       F      G
               +--------+--------+--------+--------+--------+-----+--------+
         Total |   6667 |   6496 |    171 |   1593 |   3473 |   9 |  740.8 |
       Dungeon |   6270 |   6099 |    171 |   1483 |   3404 |   7 |  895.7 |
        Temple |     46 |     46 |      0 |      0 |      0 |   1 |   46.0 |
       Ossuary |    350 |    350 |      0 |    109 |     69 |   1 |  350.0 |
               +--------+--------+--------+--------+--------+-----+--------+

Top non-repeatable levels by time:
     D:4: 1241 daAuts
     D:5: 1226 daAuts
     D:3: 1129 daAuts
     D:2: 1079 daAuts
     D:1: 774 daAuts
     D:6: 707 daAuts
 Ossuary: 350 daAuts
     D:7: 111 daAuts
  Temple: 46 daAuts
